 Dungeon Crawl Stone Soup version 0.29-a0-294-g83ea962da3 (webtiles) character file.

Game seed: 16280586743133097147

1604 Colgate the Jinx (level 8, -7/36 HPs)
             Began as a Spriggan Enchanter on Mar 18, 2022.
             Was an Elder of Fedhas.
             Mangled by Maggie
             ... wielding a +0 war axe of flaming
              (13 damage)
             ... on level 7 of the Dungeon.
             The game lasted 00:24:22 (9494 turns).

Colgate the Jinx (Spriggan Enchanter)               Turns: 9494, Time: 00:24:23

Health: -7/36      AC:  6    Str: 10    XL:     8   Next: 63%
Magic:  14/18      EV: 17    Int: 18    God:    Fedhas [****..]
Gold:   393        SH:  0    Dex: 16    Spells: 8/19 levels left

rFire   x . .      SeeInvis +   a - +1 dagger (freeze)
rCold   + . .      Faith    .   (no shield)
rNeg    . . .      Spirit   .   e - +2 robe
rPois   .          Reflect  .   z - +1 hat
rElec   .          Harm     .   A - +0 cloak
rCorr   .          Rampage  .   (gloves unavailable)
Will    +....                   (boots unavailable)
Stlth   +++.......              (no amulet)
HPRegen 0.12/turn               r - +6 ring of strength
MPRegen 0.16/turn               D - ring of ice

@: very quick
A: very small, no large weapons, unfitting armour, see invisible, speed 3
a: Renounce Religion, Wall of Briars, Grow Ballistomycete, Overgrow


You were on level 7 of the Dungeon.
You worshipped Fedhas.
Fedhas was greatly pleased with you.
You visited 1 branch of the dungeon, and saw 7 of its levels.
You also visited: Ossuary.

You collected 393 gold pieces.

Inventory:

Hand Weapons
 a - a +1 dagger of freezing (weapon)
 b - a +2 short sword of electrocution
Armour
 e - a +2 robe (worn)
 z - a +1 hat (worn)
 A - a +0 cloak (worn)
Jewellery
 r - a +6 ring of strength (left hand)
 D - a ring of ice (right hand)
Wands
 y - a wand of polymorph (13)
 G - a wand of iceblast (5) {@v2}
Scrolls
 d - 3 scrolls of immolation
 g - 3 scrolls of fear
 i - a scroll of amnesia {unknown}
 l - a scroll of silence {unknown}
 m - 5 scrolls of noise
 n - a scroll of vulnerability {unknown}
 o - 2 scrolls of blinking {@r4}
 q - a scroll of fog
 s - 2 scrolls of teleportation {@r3}
 x - a scroll of brand weapon
 B - a scroll of summoning {unknown}
 C - a scroll of enchant weapon {unknown}
 F - a scroll of magic mapping {unknown}
Potions
 c - 2 potions of invisibility
 f - 2 potions of mutation {unknown}
 h - 3 potions of degeneration {unknown}
 j - 4 potions of curing {@q1}
 k - 2 potions of haste {unknown}
 p - 2 potions of heal wounds {unknown}
 t - 3 potions of brilliance
 u - 3 potions of lignification {unknown}
 v - 4 potions of resistance {unknown}
 w - a potion of ambrosia {unknown}
 E - a potion of might {unknown}


   Skills:
 - Level 2.3 Short Blades
 - Level 2.6 Dodging
 - Level 5.0 Stealth
 - Level 6.2 Spellcasting
 - Level 10.1 Hexes
 + Level 5.1 Invocations


You had 8 spell levels left.
You knew the following spells:

 Your Spells              Type           Power      Damage    Failure   Level
a - Ensorcelled Hibernat  Hex/Ice        70%        N/A       2%          2
b - Tukima's Dance        Hex            42%        N/A       1%          3
c - Confusing Touch       Hex            42%        N/A       1%          3
d - Dazzling Flash        Conj/Hex       46%        N/A       4%          3

Your spell library contained the following spells:

 Spells                   Type           Power      Damage    Failure   Level
 Slow                     Hex            100%       N/A       1%          1
 Vampiric Draining        Necr           5%         2d6       34%         3


Dungeon Overview and Level Annotations

Branches:
Dungeon (7/15)            Ossuary (visited)
 Temple: D:4-7

Altars:
Fedhas

Annotations:
D:7 Maggie


Innate Abilities, Weirdness & Mutations

You are very small and have problems with some larger weapons.
You are too small for most types of armour.
You have supernaturally acute eyesight. (SInv)
You cover ground extremely quickly. (Speed+++)


Message History

Your surroundings suddenly seem different.
(D) Dungeon
Where to? (Enter - D:7, ? - help)
There is a stone staircase leading down here.
You climb downwards.
There is a stone staircase leading up here.
Okay, then.
You now have 382 gold pieces (gained 9).
You now have 393 gold pieces (gained 11).
Found 21 stones.
Maggie the Vainglorious comes into view.
She is wielding a +0 war axe of flaming.
Maggie shouts!
Here: Maggie, wielding a +0 war axe of flaming and wearing +0 steam dragon scales The floor.
Aiming: Ensorcelled Hibernation (safe; 2% risk of failure)
Aim: Maggie, wielding a +0 war axe of flaming and wearing +0 steam dragon scales (chance to affect: 63%)
Okay, then.
Unknown command.
You feel a surge of power!
Maggie looks drowsy...
The helpless Maggie fails to defend herself.
You impale Maggie!! You freeze Maggie! Maggie barely misses you.
Casting: Ensorcelled Hibernation (safe; 2% risk of failure)
Casting: Dazzling Flash (dangerous; 4% risk of failure) Look: Maggie, wielding a +0 war axe of flaming and wearing +0 steam dragon scales (heavily wounded, chance to dazzle: 59%) Maggie is dazzled.
Maggie completely misses you.
You closely miss Maggie. You hit Maggie but do no damage.
Maggie mumbles some strange words.
You catch the helpless Maggie completely off-guard!
You puncture Maggie! You freeze Maggie. Your punch misses Maggie.
Maggie casts a spell.
You barely miss Maggie. Maggie gestures at you while chanting.
The bolt of fire hits you!! The fire burns you terribly!
Ouch! That really hurt!
* * * LOW HITPOINT WARNING * * *
You hit Maggie. You freeze Maggie.
Maggie hits you with a +0 war axe of flaming!
You die...
Fedhas appreciates your contribution to the ecosystem.

#.. #.# #.# #
#.# ##. #. #.#
... #.###.####.#
#.# ......@.##.#
#.# #@##.## #.#
#.#...#######.##
#.........(....#
###...#...###..#
##.##........#
#.##...####.#
...##.## #.#
....##.# #.#
####.##.# #.#


You could see Maggie (blind).

Vanquished Creatures
  An ice beast (D:5)
  A black bear (D:5)
  3 ogres
  2 elf zombies (Ossuary)
  A bullfrog (D:7)
  4 scorpions
  2 howler monkeys
  4 hounds
  2 orc priests
  2 iguanas (D:5)
  3 orc wizards
  2 hound zombies (Ossuary)
  4 mummies (Ossuary)
  14 adders
  A white imp (D:6)
  An ufetubus (D:6)
  An adder zombie (Ossuary)
  3 worms
  3 dart slugs
  17 orcs
  6 ball pythons
  7 bats
  7 endoplasms
  5 giant cockroaches
  7 goblins
  9 hobgoblins
  3 jackals (D:3)
  14 kobolds
  4 quokkas
  7 frilled lizards
  A gnoll zombie (Ossuary)
  2 hobgoblin zombies (Ossuary)
  A kobold zombie (Ossuary)
  2 orc zombies (Ossuary)
  11 rats
  A rat zombie (Ossuary)
158 creatures vanquished.

Notes
Turn   | Place    | Note
-------+----------+-------------------------------------------
     0 | D:1      | Colgate the Spriggan Enchanter began the quest for the Orb.
     0 | D:1      | Reached XP level 1. HP: 9/9 MP: 5/5
   349 | D:1      | Reached skill level 4 in Hexes
   540 | D:1      | Reached XP level 2. HP: 12/13 MP: 6/6
   560 | D:1      | Learned a level 2 spell: Ensorcelled Hibernation
   827 | D:1      | Reached skill level 5 in Hexes
  1037 | D:1      | Reached XP level 3. HP: 16/16 MP: 2/8
  1165 | D:1      | Learned a level 3 spell: Tukima's Dance
  1169 | D:1      | Learned a level 3 spell: Confusing Touch
  1715 | D:2      | Found a faded altar of an unknown god.
  1725 | D:2      | Prayed at the altar of an unknown god.
  1725 | D:2      | Became a worshipper of Fedhas Madash
  1725 | D:2      | Reached * piety under Fedhas
  2479 | D:2      | Reached XP level 4. HP: 21/21 MP: 4/9
  3259 | D:3      | Reached skill level 6 in Hexes
  3344 | D:3      | Reached ** piety under Fedhas
  3783 | D:3      | Reached XP level 5. HP: 13/24 MP: 2/10
  3792 | D:3      | Reached skill level 7 in Hexes
  5327 | D:4      | Noticed an ogre
  5332 | D:4      | Found a sand-covered staircase.
  5342 | Ossuary  | Entered an ossuary
  5480 | Ossuary  | Reached XP level 6. HP: 20/28 MP: 13/13
  6005 | Ossuary  | Reached skill level 8 in Hexes
  6013 | Ossuary  | Reached *** piety under Fedhas
  6237 | D:4      | Reached skill level 9 in Hexes
  6237 | D:4      | Reached XP level 7. HP: 32/32 MP: 9/14
  6863 | D:4      | Reached skill level 5 in Spellcasting
  6867 | D:4      | Learned a level 3 spell: Dazzling Flash
  7171 | D:5      | Entered Level 5 of the Dungeon
  7412 | D:5      | Reached skill level 10 in Hexes
  7666 | D:5      | Reached XP level 8. HP: 36/36 MP: 17/17
  7711 | D:5      | Reached skill level 5 in Stealth
  8271 | D:5      | Reached **** piety under Fedhas
  9380 | D:7      | Reached skill level 5 in Invocations
  9486 | D:7      | Noticed Maggie
  9494 | D:7      | Mangled by Maggie

Illustrated notes

Levels and vault maps discovered:
D:1:      ncdulo_smallfort, layout_loops_cross, chequers_avenue,
          wad_floor_pattern_2
D:2:      layout_basic, shapermc_ecumenical_altar_gd
D:3:      minmay_bubble_buster, layout_loops_ring, kennysheep_pointless_box,
          minmay_unequal
D:4:      layout_cave_pools, lightli_ossuary_entry_decrepit_ruins
D:5:      layout_cave_pools, dk_noncrumbling_3
D:6:      layout_basic
D:7:      layout_loops_ring, minmay_temple_entry_steel_oval,
          grunt_decor_one_mirror, grunt_decor_cap, kb_rosetta, uniq_maggie,
          uniq_joseph

Skill      XL: |  1  2  3  4  5  6  7  8 |
---------------+-------------------------+-----
Hexes          | 4 5 6 7 9 10 | 10.1
Spellcasting   | 3 4 5 6 |  6.2
Short Blades   | 2 |  2.3
Stealth        | 5 |  5.0
Invocations    | 5 |  5.1
Dodging        | |  2.6

Action                   |  1- 3 |  4- 6 |  7- 9 || total
-------------------------+-------+-------+-------++-------
Melee: Dagger            |    65 |    78 |    84 ||   227
       Short sword       |    14 |    84 |     2 ||   100
       Punch             |       |     1 |     1 ||     2
 Cast: Ensorcelled Hiber |    38 |    62 |    52 ||   152
       Confusing Touch   |       |     1 |     3 ||     4
       Dazzling Flash    |       |       |     5 ||     5
  Use: Scroll            |       |     4 |     7 ||    11
 Stab: Sleeping          |    39 |    38 |    44 ||   121
       Confused          |       |       |     2 ||     2
       Invisible         |       |       |     2 ||     2
Armor: Robe              |     9 |    18 |    13 ||    40
Dodge: Dodged            |    38 |   117 |    52 ||   207

Table legend: (Time is in decaauts)
 A = Elapsed time spent in this place.
 B = Non-inter-level travel time spent in this place.
 C = Inter-level travel time spent in this place.
 D = Time resting spent in this place.
 E = Time spent auto-exploring this place.
 F = Levels seen in this place.
 G = Mean time per level.
                   A        B        C        D        E       F      G
               +--------+--------+--------+--------+--------+-----+--------+
         Total |   7495 |   7267 |    228 |    876 |   4995 |   8 |  936.9 |
       Dungeon |   6926 |   6698 |    228 |    854 |   4855 |   7 |  989.4 |
       Ossuary |    569 |    569 |      0 |     22 |    139 |   1 |  569.0 |
               +--------+--------+--------+--------+--------+-----+--------+

Top non-repeatable levels by time:
     D:3: 1728 daAuts
     D:2: 1475 daAuts
     D:1: 1219 daAuts
     D:5: 930 daAuts
     D:4: 765 daAuts
     D:6: 764 daAuts
 Ossuary: 569 daAuts
     D:7: 42 daAuts
